 Dungeon Crawl Stone Soup version 0.20.0-15-g7f486f2 (webtiles) character file.

21 VajrapaniSR the Shield-Bearer (level 2, -5/28 HPs)
             Began as a Deep Dwarf Fighter on July 1, 2017.
             Slain by an ogre
             ... wielding a +0 giant spiked club
              (19 damage)
             ... on level 4 of the Dungeon.
             The game lasted 00:03:44 (383 turns).

VajrapaniSR the Shield-Bearer (Deep Dwarf Fighter)   Turns: 383, Time: 00:03:45

Health: -5/28      AC:  6    Str: 24    XL:     2   Next: 62%
Magic:  2/2        EV:  7    Int:  8    God:
Gold:   16         SH:  9    Dex: 12    Spells: 1/1 levels left

rFire    . . .     SeeInvis +   a - +0 war axe
rCold    . . .     Gourm    .   c - +0 shield
rNeg     . . .     Faith    .   b - +0 scale mail
rPois    .         Spirit   .   (no helmet)
rElec    .         Reflect  .   (no cloak)
rCorr    .         Harm     .   (no gloves)
MR       .....                  (no boots)
Stlth    ..........             (no amulet)
Regen    0.0/turn               o - ring of see invisible
MPRegen  0.1/turn               (no ring)

@: mighty, non-regenerating
A: damage resistance, heal wounds, sense surroundings 1, no regeneration
a: Heal Wounds


You were on level 4 of the Dungeon.
You were not hungry.

You visited 1 branch of the dungeon, and saw 4 of its levels.

You collected 16 gold pieces.

Inventory:

Hand Weapons
 a - a +0 war axe (weapon)
Armour
 b - a +0 scale mail (worn)
 c - a +0 shield (worn)
Jewellery
 e - an uncursed ring of protection from fire {unknown}
 i - an uncursed ring of protection from fire {unknown}
 o - a ring of see invisible (left hand)
Potions
 j - a potion of curing
Comestibles
 f - 2 bread rations


   Skills:
 + Level 3.0 Fighting
 * Level 3.1 Axes
 - Level 3.2 Armour
 - Level 3.2 Shields


You had one spell level left.
You didn't know any spells.

Dungeon Overview and Level Annotations

Branches:
Dungeon (4/15)
 Temple: D:4-7

Altars:


Innate Abilities, Weirdness & Mutations

You are resistant to damage.
You can heal yourself by infusing magical energy.
You passively map a small area around you.
You do not regenerate.


Message History

j - a potion of curing An ogre comes into view.
It is wielding a giant spiked club.
The ogre shouts!
You feel very mighty all of a sudden.
You barely miss the ogre.
The ogre hits you with a giant spiked club!
Ouch! That really hurt!
* * * LOW HITPOINT WARNING * * *
You take 14 damage, and have 14/28 hp.
MASSIVE DAMAGE!!
You are too injured to fight recklessly!
You are too injured to fight recklessly!
You are too injured to fight recklessly!
You are too injured to fight recklessly!
Unknown command.
You completely miss the ogre. You block the ogre's attack.
Unknown command.
You slash the ogre!
The ogre hits you with a giant spiked club!!
Ouch! That really hurt!
You die...

,............... , ,
,.................#, ,
..................
.###.##....#.......#, ,
................... ,
.................# , *
# *#..#......$......
.#..###...............#
...............@O......
* ##....<..##......# ,
,
#.....................
.......................
...........#.###.......
,....##.......#*
....#.# .... #........
..... . ...
#.........,...... .. ,
....<......


You could see an ogre.

Vanquished Creatures
  An adder (D:3)
  A leopard gecko (D:3)
  2 giant cockroaches (D:3)
  2 hobgoblins
  A kobold (D:1)
  2 bats
  2 rats (D:3)
11 creatures vanquished.

Notes
Turn   | Place    | Note
-------+----------+-------------------------------------------
     0 | D:1      | VajrapaniSR the Deep Dwarf Fighter began the quest for the Orb.
     0 | D:1      | Reached XP level 1. HP: 20/20 MP: 1/1
    10 | D:1      | murphy: for fighter the idea is to make good use of that potion of might
    21 | D:1      | murphy: use it wisely
    21 | D:1      | VajrapaniSR: k
    21 | D:1      | murphy: maybe to lvl up
    41 | D:1      | murphy: perfect would be dive to d:4
    49 | D:1      | murphy: see a ogre or sigmund
    55 | D:1      | murphy: and lvl up to XL 4
    83 | D:1      | murphy: from XL1 or XL 2
   213 | D:3      | murphy: on the other hand might is also good in rune vaults
   227 | D:3      | murphy: with makhleb
   232 | D:3      | murphy: so if u want to save it that works too
   232 | D:3      | VajrapaniSR: when i speedrun DD i always find makh late
   232 | D:3      | VajrapaniSR: and then i run out of mp
   232 | D:3      | VajrapaniSR: hopefully he's on d:4
   232 | D:3      | VajrapaniSR: or something
   259 | D:3      | murphy: when u get to d:4
   267 | D:2      | murphy: red id all your scrolls
   280 | D:2      | murphy: u might have magic mapping
   280 | D:2      | VajrapaniSR: k
   285 | D:3      | Reached XP level 2. HP: 27/27 MP: 2/2
   377 | D:4      | Noticed an ogre
   383 | D:4      | Slain by an ogre

Skill      XL: |  1  2 |
---------------+-------+-----
Fighting       | 3 |  3.0
Axes           | 3 |  3.1
Armour         | |  3.2
Shields        | |  3.2

Action                   || total
-------------------------++-------
Melee: War axe           ||    51
  Use: Scroll            ||     3
       Potion            ||     1
Armor: Scale mail        ||    19
Dodge: Dodged            ||    15
Block: Shield            ||    35
